 Dungeon Crawl Stone Soup version 0.16.1-11-g651b585 (webtiles) character file.

134 maniek23 the Insei (level 5, -10/25 HPs)
             Began as a Vine Stalker Transmuter on Apr 3, 2015.
             Was an Initiate of Ru.
             Killed by divine providence
             ... invoked by an orc priest
              (11 damage)
             ... on level 3 of the Dungeon.
             The game lasted 00:08:32 (2001 turns).

maniek23 the Insei (Vine Stalker Transmuter)        Turns: 2001, Time: 00:08:32

Health: -10/25     AC:  4    Str: 14    XL:     5   Next: 17%
Magic:  0/11       EV: 12    Int: 13    God:    Ru [......]
Gold:   133        SH:  0    Dex: 14    Spells: 3 memorised, 3 levels left

rFire  . . .     SeeInvis .     A - +0 short sword (speed)
rCold  . . .     Clarity  .     c - +0 robe
rNeg   . . .     SustAb   .     (no shield)
rPois  .         Gourm    .     B - +0 helmet
rElec  .         Spirit   +     (no cloak)
rCorr  .         Warding  .     g - +0 pair of gloves
rMut   .         Stasis   .     (no boots)
MR     .....                    (no amulet)
Stlth  ++........               (no ring)
                                (no ring)

@: not resistant to hostile enchantments, unstealthy
A: fangs 2, regeneration 1, magic shield, antimagic bite, no device heal 3, rot
immunity
a: Renounce Religion


You were on level 3 of the Dungeon.
You worshipped Ru.
Ru was noncommittal.
You were not hungry.

You visited 1 branch of the dungeon, and saw 3 of its levels.

You collected 133 gold pieces.

Inventory:

Hand weapons
 A - a +0 short sword of speed (weapon)
Missiles
 b - 54 arrows
Armour
 c - a +0 robe (worn)
 g - a +0 pair of gloves (worn)
 B - a +0 helmet (worn)
Jewellery
 w - an uncursed amulet of the gourmand {unknown}
Magical devices
 y - a wand of random effects (22)
Scrolls
 e - 6 scrolls of identify {unknown}
 f - a scroll of immolation {unknown}
 i - a scroll of random uselessness {unknown}
 j - a scroll of blinking {unknown}
 n - a scroll of enchant weapon {unknown}
 o - a scroll of teleportation {unknown}
 p - a scroll of remove curse {unknown}
 s - a scroll of amnesia {unknown}
 t - a scroll of recharging {unknown}
 v - a scroll of fear {unknown}
Potions
 h - 2 potions of agility {unknown}
 k - a potion of resistance {unknown}
 l - a potion of restore abilities {unknown}
 m - a potion of might {unknown}
 q - a potion of brilliance {unknown}
 r - 3 potions of flight {unknown}
 C - a potion of curing {unknown}
Books
 d - a book of Changes

   Spells                             Type                      Level
   a - Beastly Appendage              Transmutation                1
   b - Sticks to Snakes               Transmutation                2
   c - Spider Form                    Transmutation/Poison         3
   d - Ice Form                       Ice/Transmutation            4
   e - Blade Hands                    Transmutation                5
Comestibles
 a - 5 bread rations
 u - a meat ration
 x - 4 chunks of flesh
 z - 8 fruits


   Skills:
 + Level 1.2 Fighting
 + Level 2.3 Dodging
 + Level 1.1 Stealth
 * Level 4.2 Unarmed Combat
 + Level 2.6 Spellcasting
 * Level 2.7 Transmutations


You had 3 spell levels left.
You knew the following spells:

 Your Spells              Type           Power        Failure   Level  Hunger
a - Beastly Appendage     Trmt           #.....       10%         1    #......
b - Sticks to Snakes      Trmt           #.........   14%         2    ###....
c - Spider Form           Trmt/Pois      #.........   38%         3    ###....


Dungeon Overview and Level Annotations

Branches:
Dungeon (3/15)

Altars:
Cheibriados
Gozag
Okawaru
Qazlal
Ru
Trog
Xom


Innate Abilities, Weirdness & Mutations

You have extremely sharp teeth.
Your natural rate of healing is unusually fast.
When hurt, damage is shared between your health and your magic reserves.
Your bite disrupts and absorbs the magic of your enemies.
Potions and wands cannot restore your health.
You are immune to rotting.


Message History

An orc comes into view. It is wielding a short sword.
An orc comes into view. It is wielding a club.
The orc shouts!
An orc priest comes into view. It is wielding a whip.
There is a stone staircase leading down here.
The orc shouts!
Your magical contamination has completely faded away.
Your transformation has ended.
Your +0 short sword of speed unmelds from your body.
Your +0 helmet unmelds from your body.
Your +0 pair of gloves unmelds from your body.
Your +0 robe unmelds from your body.
Your hands tingle!
The orc priest shouts!
The orc priest invokes the aid of Beogh against you.
Something smites you!
* * * LOW HITPOINT WARNING * * *
The orc hits you but does no damage.
The orc priest calls down the wrath of Beogh upon you.
Something smites you!
You die...

. ##... #....###.##### # ###.
#............# # #.
##......(....##### ##
#.####...............# .#
##......>.............# .##
##..o...........).(....# ..##
##.......g.#.#.##.......# ...###
#......oog.#.#.##.......## ...#.#
#........@.#.#.##.........
.....###..........#.#.####.......
.................##.#.# #.......
##.####..........##.#.. #######.
...# #..........'..### #. .###
#..........#### ###. .#
#<..#####.## #... ##
####.#####.##############.#.
#[...........#......#.....#.


You could see an orc priest, 2 gnolls and 2 orcs.

Vanquished Creatures
  Jessica (D:2)
  4 adders
  2 worms (D:2)
  3 giant geckos
  An ooze (D:2)
  5 orcs (D:3)
  3 giant cockroaches
  9 goblins
  5 hobgoblins
  3 jackals (D:1)
  6 kobolds
  A ball python (D:2)
  7 bats
  9 giant newts
  3 quokkas
  5 rats
67 creatures vanquished.

Notes
Turn   | Place    | Note
--------------------------------------------------------------
     0 | D:1      | maniek23, the Vine Stalker Transmuter, began the quest for the Orb.
     0 | D:1      | Reached XP level 1. HP: 9/9 MP: 3/3
   142 | D:1      | Reached XP level 2. HP: 10/14 MP: 6/6
   146 | D:1      | Learned a level 2 spell: Sticks to Snakes
   524 | D:1      | Reached XP level 3. HP: 17/17 MP: 4/7
   690 | D:2      | Found an opulent altar of Gozag.
   704 | D:2      | Reached skill level 1 in Stealth
  1037 | D:2      | Noticed Jessica
  1044 | D:2      | Killed Jessica
  1044 | D:2      | Reached skill level 1 in Fighting
  1044 | D:2      | Reached XP level 4. HP: 19/22 MP: 5/9
  1130 | D:2      | Found a sacrificial altar of Ru.
  1130 | D:2      | Found a snail-covered altar of Cheibriados.
  1131 | D:2      | Found a stormy altar of Qazlal.
  1138 | D:2      | Became a worshipper of Ru the Awakened
  1301 | D:2      | Reached skill level 4 in Unarmed Combat
  1542 | D:3      | Found a shimmering altar of Xom.
  1642 | D:3      | Learned a level 3 spell: Spider Form
  1664 | D:3      | Found an iron altar of Okawaru.
  1669 | D:3      | Found a bloodstained altar of Trog.
  1777 | D:2      | Reached XP level 5. HP: 6/25 MP: 7/11
  2000 | D:3      | HP: 1/25 [orc priest/divine providence (7)]
  2001 | D:3      | Killed from afar by an orc priest

Action                   |  1- 3 |  4- 6 || total
-------------------------+-------+-------++-------
Melee: Unarmed           |   112 |   100 ||   212
       Short sword       |       |    11 ||    11
 Cast: Beastly Appendage |     7 |     9 ||    16
       Sticks to Snakes  |       |     3 ||     3
       Spider Form       |       |     1 ||     1
 Stab: Sleeping          |     2 |     3 ||     5
  Eat: Chunk             |       |     4 ||     4
